 Dungeon Crawl Stone Soup version 0.30-a0-165-g1891117ce2 (webtiles) character file.

Game seed: 13453844321644576090

339 ragingrage the Sneak (level 6, 0/35 HPs)
             Began as a Kobold Brigand on Sept 28, 2022.
             Was an Initiate of Wu Jian.
             Slain by an orc
             ... wielding a +0 flail
              (5 damage)
             ... on level 4 of the Dungeon.
             The game lasted 00:04:54 (5500 turns).

ragingrage the Sneak (Kobold Brigand)               Turns: 5500, Time: 00:04:54

Health: 0/35       AC:  5    Str:  8    XL:     6   Next: 86%
Magic:  6/6        EV: 14    Int: 19    God:    Wu Jian [......]
Gold:   286        SH:  0    Dex: 18    Spells: 5/5 levels left

rFire   . . .      SeeInvis .    a - +2 dagger
rCold   + . .      Faith    .    (no shield)
rNeg    . . .      Spirit   .    y - +2 robe {rC+}
rPois   .          Reflect  .    (no helmet)
rElec   .          Harm     .    c - +0 cloak
rCorr   .          Rampage  .    (no gloves)
Will    .....                    (no boots)
Stlth   +++++.....               (no amulet)
HPRegen 0.11/turn                q - +6 ring of intelligence
MPRegen 0.10/turn                (no ring)

@: no status effects
A: small, no large weapons, nightstalker 3
a: Renounce Religion


You were on level 4 of the Dungeon.
You worshipped Wu Jian.
Wu Jian was noncommittal.
You visited 2 branches of the dungeon, and saw 5 of its levels.
You also visited: Sewer.

You collected 286 gold pieces.

Inventory:

Hand Weapons
 a - a +2 dagger (weapon)
Missiles
 d - 12 poisoned darts
 e - a curare-tipped dart (quivered)
 w - 2 throwing nets
Armour
 c - a +0 cloak (worn)
 y - a +2 robe of cold resistance (worn)
Jewellery
 q - a +6 ring of intelligence (left hand)
Scrolls
 g - 3 scrolls of identify {unknown}
 l - a scroll of teleportation {unknown}
 m - a scroll of amnesia {unknown}
 n - 3 scrolls of blinking {unknown}
 o - 2 scrolls of magic mapping {unknown}
 p - a scroll of vulnerability {unknown}
 s - 2 scrolls of fog {unknown}
 t - 6 scrolls of fear {unknown}
 v - 2 scrolls of enchant weapon {unknown}
Potions
 f - 2 potions of curing
 h - a potion of lignification
 i - 3 potions of degeneration {unknown}
 j - a potion of ambrosia {unknown}
 k - 2 potions of haste {unknown}
 r - 2 potions of mutation {unknown}
 u - a potion of heal wounds {unknown}
 x - a potion of magic {unknown}
 z - 2 potions of berserk rage {unknown}


   Skills:
 - Level 2.1 Fighting
 + Level 5.5 Short Blades
 + Level 4.6 Throwing
 - Level 1.2 Dodging
 + Level 7.5 Stealth


You had 5 spell levels left.
You didn't know any spells.
Your spell library contained the following spells:

 Spells                   Type           Power      Damage    Failure   Level
 Magic Dart               Conj           0%         1d3       21%         1
 Summon Small Mammal      Summ           0%         N/A       21%         1
 Call Imp                 Summ           0%         N/A       30%         2
 Call Canine Familiar     Summ           0%         N/A       52%         3
 Mephitic Cloud           Conj/Pois/Air  0%         N/A       52%         3
 Summon Guardian Golem    Hex/Summ       0%         N/A       52%         3
 Tukima's Dance           Hex            0%         N/A       52%         3
 Passage of Golubria      Tloc           0%         N/A       90%         4
 Yara's Violent Unravell  Hex/Tmut       0%         3d3       99%         5


Dungeon Overview and Level Annotations

Branches:
Dungeon (4/15)             Temple (1/1) D:4           Sewer (visited)

Altars:
Ashenzari
Dithmenos
Elyvilon
Fedhas
Gozag
Hepliaklqana
Kikubaaqudgha
Makhleb
Okawaru
Qazlal
Trog
Uskayaw
Wu Jian
Xom
Yredelemnul
Zin


Innate Abilities, Weirdness & Mutations

You are small and have problems with some larger weapons.
You are completely attuned to the shadows.


Message History

You bump into the rock wall.
Something completely misses you.
You closely miss something. Something hits you but does no damage.
You're too confused to move!
You hear some strange, mumbled words.
A magic dart appears from out of thin air!
The magic dart hits you.
An orc comes into view. It is wielding a +0 flail.
The orc shouts!
You hear some strange, mumbled words.
Something tries to affect you, but you resist.
You bump into the rock wall.
Something hits you.
You hit something.
You feel less confused.
You hit something but do no damage. Something barely misses you.
You hit something. The orc completely misses you.
The orc hits you with a +0 flail. Something hits you.
You hit something but do no damage. The orc hits you with a +0 dagger.
You miss something. Something hits you but does no damage. The orc misses you.
You closely miss something. The orc barely misses you. x2
Something barely misses you.
You miss something. The orc completely misses you.
You hit something.
You hear some strange, mumbled words.
A magic dart appears from out of thin air!
The magic dart hits you!
* * * LOW HITPOINT WARNING * * *
The orc closely misses you. The orc hits you but does no damage.
You hit something but do no damage. Something hits you but does no damage.
The orc completely misses you.
You feel better. The orc hits you with a +0 dagger.
* * * LOW HITPOINT WARNING * * *
Something hits you but does no damage. The orc closely misses you.
You feel better. The orc closely misses you.
You hear some strange, mumbled words.
A puff of flame appears from out of thin air!
The puff of flame hits you!
* * * LOW HITPOINT WARNING * * *
The orc hits you with a +0 flail.
You die...

.........#### ##.≈.###
...oo))...... ...≈....
##.#.##)####. .. ##.≈..##
#.#........ ..# #.≈..#
#)#..#######.# #...##
.............# #...#
#.##.†...##.## #..# .
#.###.##.##.o## .)..#.#
..##.###.##.##.{@###......#.#
.....o....#...~o~.....#...#.#
....<.o......~~§~~.#....#.#.#
..##.##....#§§~~§§§..#.#....#
#.##.#...~§§>§§§.#.......#
.........~~~~~~§....#...##
.... ......~§§§~.....##†##
#...~~~..######.# ......###
#.#


You could see 2 orcs.

Vanquished Creatures
  Pargi (Sewer)
  A scorpion (D:4)
  An orc priest (D:4)
  An orc wizard (Temple)
  4 adders
  3 worms
  3 orcs
  3 bats
  7 endoplasms
  5 giant cockroaches
  5 goblins
  7 hobgoblins
  3 jackals
  3 kobolds
  5 quokkas
  14 ball pythons
  5 frilled lizards
  6 rats
  A spectral orc (D:3)
  A toadstool (D:2)
79 creatures vanquished.

Vanquished Creatures (others)
  A fungus (D:2)
  4 plants (D:1)
  2 toadstools (D:2)
7 creatures vanquished.

Grand Total: 86 creatures vanquished

Notes
Turn   | Place    | Note
-------+----------+-------------------------------------------
     0 | D:1      | ragingrage the Kobold Brigand began the quest for the Orb.
     0 | D:1      | Reached XP level 1. HP: 12/12 MP: 1/1
    52 | D:1      | Found a faded altar of an unknown god.
   349 | D:1      | Reached XP level 2. HP: 17/17 MP: 2/2
   907 | D:1      | Reached XP level 3. HP: 20/21 MP: 3/3
  1806 | D:2      | Reached skill level 6 in Stealth
  1812 | D:2      | HP: 1/21 [poisoned by an adder]
  2145 | D:2      | Reached XP level 4. HP: 26/26 MP: 4/4
  2728 | D:3      | Found a glowing drain.
  2742 | Sewer    | Entered a sewer
  2953 | Sewer    | Noticed Pargi
  2968 | Sewer    | Killed Pargi
  2969 | Sewer    | Reached XP level 5. HP: 14/30 MP: 5/5
  3507 | D:3      | Found a basalt altar of Yredelemnul.
  3897 | D:3      | Reached XP level 6. HP: 13/35 MP: 6/6
  3899 | D:3      | Reached skill level 7 in Stealth
  4251 | D:4      | Found a hide-covered altar of Uskayaw.
  4482 | D:4      | Reached skill level 5 in Short Blades
  4894 | D:4      | Found a staircase to the Ecumenical Temple.
  4902 | Temple   | Entered the Ecumenical Temple
  5420 | Temple   | Became a worshipper of the Wu Jian Council
  5500 | D:4      | Slain by an orc

Illustrated notes

Levels and vault maps discovered:
D:1:      scummos_arrival_gate, layout_basic,
          shapermc_ecumenical_altar_mp_ritualfount
D:2:      layout_loops_ring, kennysheep_flooded_box, minmay_gold_behind_fungi
D:3:      layout_loops_ring, yredelemnul_forgotten_temple_becter,
          portal_sewer_entry_c, kennysheep_potato
D:4:      layout_loops_ring, mainiacjoe_overflow_catwalk,
          mainiacjoe_overflow_boulevard, minmay_temple_entry_mist,
          uniq_crazy_yiuf_cottage
Temple:   eino_temple_water

Skill      XL: |  1  2  3  4  5  6 |
---------------+-------------------+-----
Short Blades   | 3 4 5 |  5.5
Throwing       | 3 4 |  4.6
Stealth        | 6 7 |  7.5
Fighting       | |  2.1
Dodging        | |  1.2

Action                   |  1- 3 |  4- 6 || total
-------------------------+-------+-------++-------
Melee: Dagger            |    66 |   200 ||   266
       Punch             |       |     2 ||     2
Throw: Dart              |     1 |     8 ||     9
  Use: Potion            |       |     4 ||     4
 Stab: Sleeping          |    22 |    18 ||    40
       Distracted        |       |     1 ||     1
Armor: Robe              |     7 |    43 ||    50
       Skin              |       |    12 ||    12
Dodge: Dodged            |    16 |   115 ||   131

Table legend: (Time is in decaauts)
 A = Elapsed time spent in this place.
 B = Non-inter-level travel time spent in this place.
 C = Inter-level travel time spent in this place.
 D = Time resting spent in this place.
 E = Time spent auto-exploring this place.
 F = Levels seen in this place.
 G = Mean time per level.
                   A        B        C        D        E       F      G
               +--------+--------+--------+--------+--------+-----+--------+
         Total |   5504 |   5351 |    153 |   1066 |   3527 |   6 |  917.3 |
       Dungeon |   4256 |   4155 |    101 |    518 |   3056 |   4 | 1064.0 |
        Temple |    529 |    477 |     52 |    263 |    168 |   1 |  529.0 |
         Sewer |    718 |    718 |      0 |    285 |    303 |   1 |  718.0 |
               +--------+--------+--------+--------+--------+-----+--------+

Top non-repeatable levels by time:
     D:1: 1357 daAuts
     D:3: 1273 daAuts
     D:2: 1080 daAuts
   Sewer: 718 daAuts
     D:4: 545 daAuts
  Temple: 529 daAuts
